 Dungeon Crawl Stone Soup version 0.29.1-12-g30fa7ad0bf (webtiles) character file.

Game seed: 3301322614091456006

81 nightchill the Chopper (level 4, 41/41 HPs)
             Began as a Hill Orc Fighter on Jan 14, 2023.
             Was an Initiate of Kikubaaqudgha.
             Quit the game on level 3 of the Dungeon on Jan 15, 2023.
             The game lasted 00:06:50 (2742 turns).

nightchill the Chopper (Hill Orc Fighter)           Turns: 2742, Time: 00:06:51

Health: 41/41      AC:  5    Str: 20    XL:     4   Next: 40%
Magic:  4/4        EV: 10    Int:  8    God:    Kikubaaqudgha [......]
Gold:   97         SH:  4    Dex: 10    Spells: 3/3 levels left

rFire   . . .      SeeInvis .   a - +0 war axe
rCold   . . .      Faith    .   c - +0 buckler
rNeg    . . .      Spirit   .   k - +0 ring mail
rPois   .          Reflect  .   (no helmet)
rElec   .          Harm     .   (no cloak)
rCorr   .          Rampage  .   (no gloves)
Will    +....                   (no boots)
Stlth   ..........              (no amulet)
HPRegen 0.13/turn               p - ring of willpower
MPRegen 0.09/turn               (no ring)

@: no status effects
A: no striking features
a: Renounce Religion


You were on level 3 of the Dungeon.
You worshipped Kikubaaqudgha.
Kikubaaqudgha was noncommittal.
You visited 1 branch of the dungeon, and saw 3 of its levels.

You collected 97 gold pieces.

Inventory:

Hand Weapons
 a - a +0 war axe (weapon)
Armour
 c - a +0 buckler (worn)
 k - a +0 ring mail (worn)
Jewellery
 p - a ring of willpower (left hand)
Scrolls
 e - a scroll of enchant weapon {unknown}
 f - a scroll of teleportation
 g - a scroll of magic mapping {unknown}
 h - a scroll of silence
 j - a scroll of blinking {unknown}
 l - a scroll of enchant armour {unknown}
 n - a scroll of identify {unknown}
 o - a scroll of noise {unknown}
Potions
 b - a potion of magic {unknown}
 d - 2 potions of might
 i - 2 potions of heal wounds {unknown}
 m - a potion of mutation {unknown}
 q - a potion of attraction {unknown}


   Skills:
 + Level 4.5 Fighting
 * Level 5.2 Axes
 - Level 3.2 Armour
 - Level 3.2 Shields


You had 3 spell levels left.
You didn't know any spells.
Your spell library contained the following spells:

 Spells                   Type           Power      Damage    Failure   Level
 Conjure Flame            Conj/Fire      0%         6-21      96%         3
 Ignite Poison            Fire/Tmut/Pois 0%         N/A       96%         3
 Sticky Flame             Conj/Fire      0%         2d3       100%        4


Dungeon Overview and Level Annotations

Branches:
Dungeon (3/15)

Altars:
Kikubaaqudgha

Shops:
D:3 (


Message History

The endoplasm freezes you.
You are frozen.
You slash the endoplasm!
You kill the endoplasm!
There is an ancient bone altar of Kikubaaqudgha here.
You kneel at the altar of Kikubaaqudgha.
Kikubaaqudgha welcomes you!
Found a ring mail.
You pick up an Everburning Encyclopedia and begin reading...
You add the spells Conjure Flame, Ignite Poison and Sticky Flame to your library.
No target in view!
No target in view!
No target in view!
A ball python comes into view.
The ball python hisses angrily.
A ball python is nearby!
You hit the ball python but do no damage.
The ball python bites you but does no damage.
The ball python grabs you. The ball python constricts you.
You hit the ball python.
You kill the ball python!
Kikubaaqudgha accepts your kill.
No target in view!
Items here: ( ) รทรท.
Found a stone staircase leading up.
You open the door.
There is an open door here.
There is an open door here.
There is a stone staircase leading up here.
You open the door.
There is an open door here.
d - 2 potions of might (gained 1)
A hobgoblin comes into view.
The hobgoblin shouts!
You closely miss the hobgoblin. The hobgoblin closely misses you.
You slash the hobgoblin!
You kill the hobgoblin!
Kikubaaqudgha accepts your kill.
You see here a hobgoblin corpse.
Are you sure you want to abandon this character and quit the game? (Confirm with "yes".)

.#....### #.#.#
.#......###.#.#
.#..........#.#
.#..#######.#.#
.##.# #8# #.#.#
.##.# #.# #.#.#
.##.# #.# #.#
.##.###.###.#.#####
.##.##...##.#...@.#
.##.##...##.#####.#
.##.##...##.### #.#
....##...##...# #.#
###.##...##.#.# #.#
#.........#.###.#
#######...#.....#
#.#.#.###.# #######
###


There were no monsters in sight!

Vanquished Creatures
  2 adders (D:2)
  2 dart slugs (D:3)
  3 endoplasms
  3 giant cockroaches (D:1)
  5 goblins
  6 hobgoblins
  7 jackals (D:1)
  A quokka (D:2)
  5 ball pythons
  5 bats
  2 frilled lizards (D:3)
  4 kobolds
  10 rats
55 creatures vanquished.

Notes
Turn   | Place    | Note
-------+----------+-------------------------------------------
     0 | D:1      | nightchill the Hill Orc Fighter began the quest for the
                  | Orb.
     0 | D:1      | Reached XP level 1. HP: 19/19 MP: 1/1
    33 | D:1      | Reached skill level 3 in Axes
   134 | D:1      | Reached XP level 2. HP: 26/27 MP: 2/2
   172 | D:1      | Found a faded altar of an unknown god.
   636 | D:1      | Reached skill level 4 in Axes
   666 | D:1      | Reached XP level 3. HP: 31/33 MP: 3/3
  1969 | D:2      | Reached skill level 5 in Axes
  1969 | D:2      | Reached XP level 4. HP: 33/41 MP: 4/4
  2200 | D:3      | Found Fuqulaj's Antique Weapon Shoppe.
  2344 | D:3      | Found an ancient bone altar of Kikubaaqudgha.
  2586 | D:3      | Became a worshipper of Kikubaaqudgha
  2742 | D:3      | Quit the game

Illustrated notes

Levels and vault maps discovered:
D:1:      dpeg_arrival_rooms_c, layout_loops_ring,
          hellmonk_ecumenical_altar_pennies_from_heaven, minmay_statues_item,
          minmay_stone_trees_medium, hangedman_decor_riveting
D:2:      layout_loops_corners
D:3:      layout_basic, mainiacjoe_overflow_catwalk, serial_shops, shop,
          kennysheep_nondescript, chequers_jeans

Skill      XL: |  1  2  3 |
---------------+----------+-----
Axes           | 3 4 5 |  5.2
Fighting       | 4 |  4.5
Armour         | |  3.2
Shields        | |  3.2

Action                   |  1- 3 |  4- 6 || total
-------------------------+-------+-------++-------
Melee: War axe           |   113 |    27 ||   140
  Use: Scroll            |       |     2 ||     2
Armor: Scale mail        |    24 |       ||    24
       Ring mail         |    28 |     3 ||    31
Dodge: Dodged            |    62 |    12 ||    74
Block: Buckler           |    20 |     8 ||    28
